 Dungeon Crawl Stone Soup version 0.30.1-3-gfc49f6343a (webtiles) character file.

Game seed: 14263841713000717294

249 LynnLen the Sneak (level 5, 0/25 HPs)
             Began as a Spriggan Enchanter on Aug 10, 2023.
             Succumbed to a killer bee's poison
             ... on level 4 of the Dungeon.
             The game lasted 00:06:12 (2703 turns).

LynnLen the Sneak (Spriggan Enchanter)              Turns: 2703, Time: 00:06:13

Health: 0/25       AC:  2    Str:  6    XL:     5   Next: 86%
Magic:  2/12       EV: 18    Int: 16    God:
Gold:   231        SH:  0    Dex: 16    Spells: 4/12 levels left

rFire   . . .        a - +1 dagger
rCold   . . .        (no shield)
rNeg    . . .        b - +0 robe
rPois   .            (helmet restricted)
rElec   .            (no cloak)
rCorr   .            (gloves unavailable)
SInv    +            (boots unavailable)
Will    .....        (no amulet)
Stlth   +++          (no ring)
HPRegen 0.24/turn    (no ring)
MPRegen 0.13/turn

%: no passive effects
@: mighty, lethally poisoned (0 -> -6), very quick
A: very small, no large weapons, unfitting armour, see invisible, speed 3
a: no special abilities


You were on level 4 of the Dungeon.
You visited 1 branch of the dungeon, and saw 4 of its levels.

You collected 231 gold pieces.

Inventory:

Hand Weapons
 a - a +1 dagger (weapon)
Armour
 b - a +0 robe (worn)
Jewellery
 h - a ring of poison resistance
 j - an amulet of guardian spirit
 o - a +4 ring of slaying
Scrolls
 d - 2 scrolls of poison
 f - a scroll of fog {unknown}
 l - a scroll of blinking
 m - 2 scrolls of teleportation {unknown}
 n - a scroll of immolation {unknown}
Potions
 c - 2 potions of invisibility
 e - a potion of berserk rage
 g - 2 potions of attraction


   Skills:
 + Level 1.1 Fighting
 + Level 2.1 Short Blades
 + Level 3.6 Dodging
 + Level 5.2 Stealth
 * Level 4.2 Spellcasting
 * Level 4.9 Hexes
 * Level 1.7 Ice Magic


You had 4 spell levels left.
You knew the following spells:

 Your Spells              Type           Power      Damage    Failure   Level
a - Ensorcelled Hibernat  Hex/Ice        28%        N/A       6%          2
b - Confusing Touch       Hex            19%        N/A       7%          3
c - Tukima's Dance        Hex            19%        N/A       7%          3

Your spell library contained the following spells:

 Spells                   Type           Power      Damage    Failure   Level
 Dazzling Flash           Conj/Hex       22%        N/A       19%         3


Dungeon Overview and Level Annotations

Branches:
Dungeon (4/15)
 Temple: D:4-7

Altars:
Elyvilon
Hepliaklqana
Makhleb
Wu Jian


Innate Abilities, Weirdness & Mutations

You are very small and have problems with some larger weapons.
You are too small for most types of armour.
You have supernaturally acute eyesight. (SInv)
You cover ground extremely quickly. (Speed+++)


Message History

Press: ? - help, Q - select action Shift-Dir - straight line, f - killer bee
Aim: a killer bee (chance to affect: 56%)
The killer bee resists with significant effort.
You feel sick.
The killer bee stings you but does no damage.
The killer bee barely misses you.
You don't have enough magic to cast this spell.
You don't have enough magic to cast this spell.
You feel better. The killer bee completely misses you.
The killer bee misses you.
You miss the killer bee. The killer bee misses you. x2
You barely miss the killer bee. The killer bee stings you. x2
You are poisoned.
The killer bee poisons you!
You miss the killer bee.
You feel sick. The killer bee misses you.
You closely miss the killer bee.
You feel sick. The killer bee completely misses you.
The killer bee barely misses you.
You hit the killer bee.
The killer bee is lightly wounded.
You feel sick. The killer bee stings you.
You are lethally poisoned!
The killer bee poisons you! The killer bee barely misses you.
It was a potion of might.
You feel very mighty all of a sudden.
* * * LOW HITPOINT WARNING * * *
You feel sick. The killer bee barely misses you. The killer bee stings you.
* * * LOW HITPOINT WARNING * * *
You closely miss the killer bee.
The killer bee is lightly wounded.
* * * LOW HITPOINT WARNING * * *
You feel sick. The killer bee completely misses you.
The killer bee closely misses you.
You hit the killer bee.
The killer bee is moderately wounded.
* * * LOW HITPOINT WARNING * * *
You feel sick. The killer bee barely misses you.
The killer bee closely misses you.
You miss the killer bee.
The killer bee is moderately wounded.
You die...

####.......... ##.
#..........### ####...
#<............ .......
#............. .yy....
######......## ......#
###.###### ......#
#...# ####.......
#.##########.........#
#.......@y...#####.###
##############


You could see a killer bee.

Vanquished Creatures
  4 killer bees (D:4)
  3 adders
  2 dart slugs
  10 ball pythons
  5 endoplasms
  3 giant cockroaches
  2 goblins (D:3)
  A hobgoblin (D:2)
  6 jackals (D:1)
  3 quokkas
  2 bats
  4 frilled lizards
  3 kobolds
48 creatures vanquished.

Notes
Turn   | Place    | Note
-------+----------+-------------------------------------------
     0 | D:1      | LynnLen the Spriggan Enchanter began the quest for the Orb.
     0 | D:1      | Reached XP level 1. HP: 9/9 MP: 5/5
   239 | D:1      | Reached XP level 2. HP: 12/13 MP: 7/7
   242 | D:1      | Learned a level 2 spell: Ensorcelled Hibernation
   302 | D:1      | Found a faded altar of an unknown god.
   957 | D:2      | Reached XP level 3. HP: 16/16 MP: 8/8
  1048 | D:2      | Found a white marble altar of Elyvilon.
  1706 | D:3      | Found an ornate altar of the Wu Jian Council.
  1748 | D:3      | Learned a level 3 spell: Confusing Touch
  1752 | D:3      | Learned a level 3 spell: Tukima's Dance
  1996 | D:3      | Found a burning altar of Makhleb.
  1996 | D:3      | Noticed a green death
  1999 | D:3      | Noticed an orange demon
  1999 | D:3      | Noticed a smoke demon
  2129 | D:3      | Reached XP level 4. HP: 21/21 MP: 10/10
  2167 | D:3      | Reached skill level 1 in Ice Magic
  2286 | D:3      | Found a hazy altar of Hepliaklqana.
  2689 | D:4      | Reached skill level 5 in Stealth
  2689 | D:4      | Reached XP level 5. HP: 13/25 MP: 6/11
  2691 | D:4      | Reached skill level 1 in Fighting
  2702 | D:4      | HP: 1/25 [poisoned by a killer bee]
  2703 | D:4      | Succumbed to a killer bee's poison

Illustrated notes

Levels and vault maps discovered:
D:1:      dpeg_arrival_boxorama, layout_basic,
          shapermc_ecumenical_altar_mp_vishouse
D:2:      layout_basic, basic_altar, moated_statue, minivault_24,
          minmay_pentomino_r2
D:3:      layout_loops_corners, makhleb_altar_promises_db, lemuel_round_altar,
          pdpol_wu_jian_five_deadly_venoms
D:4:      layout_rooms, fedhas_altar_2, minmay_temple_entry_antechambers,
          nicolae_shop_self_help

Skill      XL: |  1  2  3  4  5 |
---------------+----------------+-----
Spellcasting   | 3 4 |  4.2
Dodging        | 3 |  3.6
Hexes          | 4 |  4.9
Ice Magic      | 1 |  1.7
Stealth        | 5 |  5.2
Fighting       | 1 |  1.1
Short Blades   | 2 |  2.1

Action                     |  1- 3 |  4- 6 || total
---------------------------+-------+-------++-------
  Melee: Dagger            |   120 |    16 ||   136
   Cast: Ensorcelled Hiber |     7 |     9 ||    16
    Use: Scroll            |     5 |     1 ||     6
         Potion            |       |     2 ||     2
   Stab: Sleeping          |    19 |     8 ||    27
 Armour: Robe              |    10 |     1 ||    11
  Dodge: Dodged            |   107 |    22 ||   129
